 Dungeon Sprint DCSS version 0.27-a0-1217-g8a41f320e8 (webtiles) character file.

Game seed: 38987564398524696

563 mhtbhm the Fighter (level 7, -8/65 HPs)
             Began as a Demonspawn Berserker on June 5, 2021.
             Was an Elder of Trog.
             Killed by divine providence
             ... invoked by a smoke demon
             ... summoned by a kobold demonologist
              (12 damage)
             ... in the Dungeon (Sprint III: "The Ten Rune Challenge").
             The game lasted 00:00:54 (412 turns).

mhtbhm the Fighter (Demonspawn Berserker)            Turns: 412, Time: 00:00:55

Health: -8/65      AC:  2    Str: 19    XL:     7   Next: 10%
Magic:  6/6        EV: 14    Int: 10    God:    Trog [****..]
Gold:   19         SH:  0    Dex: 13    Spells: 6/6 levels left

rFire    . . .     SeeInvis .   a - +0 mace
rCold    . . .     Faith    .   (no shield)
rNeg     . . .     Spirit   .   b - +0 animal skin
rPois    .         Reflect  .   (no helmet)
rElec    .         Harm     .   (no cloak)
rCorr    .         Rampage  .   (no gloves)
Will     .....     NoTele   +   (no boots)
Stlth    +.........             (no amulet)
HPRegen  0.20/turn              (no ring)
MPRegen  0.10/turn              (no ring)

@: on berserk cooldown, slowed, very slow
A: talons 1, spiny 2, demonic magic 2, clever 1, low mp 1
a: Renounce Religion, Berserk, Trog's Hand, Brothers in Arms


You were in the Dungeon.
You worshipped Trog.
Trog was greatly pleased with you.
You visited 1 branch You collected 19 gold pieces.

Inventory:

Hand Weapons
 a - a +0 mace (weapon)
Armour
 b - a +0 animal skin (worn)
Scrolls
 h - a scroll of blinking
 k - 2 scrolls of immolation {unknown}
 l - 3 scrolls of identify
Potions
 c - 2 potions of curing
 d - a potion of heal wounds
 e - a potion of haste
 f - 2 potions of magic
 g - a potion of berserk rage
 i - 4 potions of flight
 j - a potion of mutation
 m - a potion of degeneration {unknown}


   Skills:
 + Level 9.7 Fighting
 + Level 9.5 Maces & Flails
 + Level 4.7 Armour
 + Level 5.2 Dodging


You had 6 spell levels left.
You didn't know any spells.
Your spell library was empty.

Dungeon Overview and Level Annotations

Branches:
Dungeon (1/1)

Altars:
Elyvilon
Kikubaaqudgha
Sif Muna
Vehumet
Zin
The Shining One


Innate Abilities, Weirdness & Mutations

You have sharp toenails.
You are mostly covered in sharp spines.
Spells you cast may paralyse nearby enemies.
Your mind is acute. (Int +2)
Your magical capacity is low. (-10% MP)


Message History

The chaos spawn is moderately wounded.
The chaos spawn is struck by your spines.
The chaos spawn gores you! The chaos spawn sears you!
The kobold demonologist gestures wildly while chanting.
Unknown command.
You closely miss the chaos spawn. You claw the chaos spawn!
The chaos spawn is severely wounded.
You closely miss the chaos spawn.
The chaos spawn is severely wounded.
The chaos spawn gores you!
You are engulfed in flames.
* * * LOW HITPOINT WARNING * * *
The crimson imp blinks!
Unknown command.
You thump the chaos spawn!
You feel the power of Trog in you as your rage grows.
You kill the chaos spawn!
The chaos spawn degenerates into a cloud of primal chaos!
Unknown command.
You sock the quasit!
You kill the quasit!
The kobold demonologist mumbles some strange words.
Unknown command.
You sock the smoke demon!
The smoke demon is moderately wounded.
You barely miss the smoke demon. You claw the smoke demon!
The smoke demon is heavily wounded.
The smoke demon is engulfed in seething chaos.
The smoke demon gestures at you. The ball of steam hits you!!
* * * LOW HITPOINT WARNING * * *
The ball of steam hits the crimson imp.
The crimson imp resists.
Unknown command.
Unknown command.
You feel a strong urge to attack something.
You are no longer berserk.
You are exhausted.
You feel yourself slow down. The smoke demon gestures at you.
Something smites you!
You die...

▓▓▓▓▓▓▓▓ ▓▓▓ .'.....♣
♣.##### .#....♣♣♣
♣♣.#___# ##....♣.♣
♣..#.).#
.#....≈.♣♣♣..###'#+###+##
.#...≈≈..♣...#§.........#
.#..≈≈≈≈...♣.§§⌠........#
'#..≈≈≈≈≈≈♣♣.#...######+#
.#.≈≈≈≈≈≈....#§5@#
.#.≈≈≈≈≈.....#§..#
.#.≈≈≈.......#3###
##.......†...#K5
.............#___
▓▓▓▓▓▓▓▓▓▓▓▓▓▓▓▓▓▓


You could see a kobold demonologist, a smoke demon (summoned) and a crimson imp
(summoned).

Vanquished Creatures
  A deep elf pyromancer (D)
  A water elemental (D)
  Jessica (D)
  A wizard (D)
  A human (D)
  A wolf (D)
  2 endoplasms (D)
  A rat (D)
9 creatures vanquished.

Vanquished Creatures (others)
  5 plants (D)
5 creatures vanquished.

Grand Total: 14 creatures vanquished

Notes
Turn   | Place    | Note
-------+----------+-------------------------------------------
     0 | D        | mhtbhm the Demonspawn Berserker began the quest for the
                  | Orb.
     0 | D        | Reached XP level 1. HP: 18/18 MP: 1/1
    69 | D        | Noticed Jessica
    75 | D        | Killed Jessica
    75 | D        | Reached ** piety under Trog
    76 | D        | Gained mutation: You are partially covered in sharp spines.
                  | [demonic ancestry]
    76 | D        | Reached XP level 2. HP: 26/26 MP: 2/2
    76 | D        | Gained mutation: You have sharp toenails. [demonic
                  | ancestry]
    76 | D        | Reached XP level 3. HP: 31/31 MP: 3/3
   144 | D        | Reached skill level 5 in Fighting
   218 | D        | Reached *** piety under Trog
   219 | D        | Reached skill level 5 in Maces & Flails
   236 | D        | Gained mutation: Your mind is acute. (Int +2) [potion of
                  | mutation]
   236 | D        | Gained mutation: Armour fits poorly on your strangely
                  | shaped body. [potion of mutation]
   236 | D        | Gained mutation: You have razor-sharp toenails. [potion of
                  | mutation]
   254 | D        | Lost mutation: You have razor-sharp toenails. [potion of
                  | mutation]
   254 | D        | Gained mutation: Your muscles are strong. (Str +2) [potion
                  | of mutation]
   268 | D        | Lost mutation: Armour fits poorly on your strangely shaped
                  | body. [potion of mutation]
   268 | D        | Lost mutation: Your muscles are strong. (Str +2) [potion of
                  | mutation]
   268 | D        | Gained mutation: Your magical capacity is low. (-10% MP)
                  | [potion of mutation]
   268 | D        | Gained mutation: You are weak. (Str -2) [potion of
                  | mutation]
   268 | D        | Lost mutation: You are weak. (Str -2) [potion of mutation]
   274 | D        | Noticed a water elemental
   278 | D        | Killed a water elemental
   279 | D        | Gained mutation: You are mostly covered in sharp spines.
                  | [demonic ancestry]
   279 | D        | Reached XP level 4. HP: 41/41 MP: 3/3
   337 | D        | Noticed a deep elf pyromancer
   342 | D        | Killed a deep elf pyromancer
   343 | D        | Reached skill level 5 in Dodging
   343 | D        | Reached XP level 5. HP: 51/52 MP: 4/4
   343 | D        | Gained mutation: Spells you cast may paralyse adjacent
                  | enemies. [demonic ancestry]
   343 | D        | Reached XP level 6. HP: 58/59 MP: 5/5
   343 | D        | Gained mutation: Spells you cast may paralyse nearby
                  | enemies. [demonic ancestry]
   343 | D        | Reached XP level 7. HP: 63/64 MP: 6/6
   394 | D        | Found a radiant altar of Vehumet.
   394 | D        | Found a shimmering blue altar of Sif Muna.
   394 | D        | Found an ancient bone altar of Kikubaaqudgha.
   396 | D        | Noticed a chaos spawn
   401 | D        | Reached **** piety under Trog
   409 | D        | Noticed a smoke demon
   412 | D        | Killed from afar by a smoke demon

Illustrated notes

Levels and vault maps discovered:
D:        dungeon_sprint_mu [sprint_mu_entry_forest, sprint_mu_temple_rooms,
          sprint_mu_d1_horrors, sprint_mu_d2_genie, sprint_mu_d3_branching,
          sprint_mu_orc_legion, sprint_mu_elf_gauntlet, sprint_mu_hive_nellie,
          sprint_mu_lair_fedhas, sprint_mu_vaults_butterflies,
          sprint_mu_slime_circle, sprint_mu_swamp_cave, sprint_mu_shoals_archi,
          sprint_mu_blade_basic, sprint_mu_crypt_lich, sprint_mu_tomb_spiral,
          sprint_mu_vestibule_basic, sprint_mu_gehenna_hellfire,
          sprint_mu_dis_giant, sprint_mu_tartarus_statrot,
          sprint_mu_cocytus_islands, sprint_mu_zot1]

Skill      XL: |  1  2  3  4 |
---------------+-------------+-----
Maces & Flails | 4 6 9 |  9.5
Fighting       | 4 6 9 |  9.7
Armour         | 2 3 4 |  4.7
Dodging        | 2 3 5 |  5.2

Action                   |  1- 3 |  4- 6 |  7- 9 || total
-------------------------+-------+-------+-------++-------
Melee: Mace              |    19 |     3 |    15 ||    37
       Kick              |     3 |     2 |     4 ||     9
Invok: Berserk           |     4 |     1 |     1 ||     6
  Use: Potion            |     3 |       |       ||     3
Dodge: Dodged            |    11 |     1 |       ||    12

Table legend: (Time is in decaauts)
 A = Elapsed time spent in this place.
 B = Non-inter-level travel time spent in this place.
 C = Inter-level travel time spent in this place.
 D = Time resting spent in this place.
 E = Time spent auto-exploring this place.
 F = Levels seen in this place.
 G = Mean time per level.
                   A        B        C        D        E       F      G
               +--------+--------+--------+--------+--------+-----+--------+
         Total |    459 |    459 |      0 |    316 |      0 |   1 |  459.0 |
       Dungeon |    459 |    459 |      0 |    316 |      0 |   1 |  459.0 |
               +--------+--------+--------+--------+--------+-----+--------+

Top non-repeatable levels by time:
       D: 459 daAuts
